 Dungeon Crawl Stone Soup version 0.26.0-18-gc5c842f807 (webtiles) character file.

Game seed: 1768588419380512636

42 leNuup the Firebug (level 3, -2/26 HPs)
             Began as a Draconian Fire Elementalist on Jan 23, 2021.
             Slain by an orc wizard
             ... wielding a +0 dagger
              (6 damage)
             ... on level 4 of the Dungeon.
             The game lasted 00:05:46 (1040 turns).

leNuup the Firebug (Draconian Fire Elementalist)    Turns: 1040, Time: 00:05:46

Health: -2/26      AC:  5    Str: 10    XL:     3   Next: 33%
Magic:  6/6        EV: 12    Int: 16    God:
Gold:   61         SH:  0    Dex: 11    Spells: 2/6 levels left

rFire    . . .     SeeInvis .   a - +0 dagger
rCold    . . .     Faith    .   (no shield)
rNeg     . . .     Spirit   .   (armour unavailable)
rPois    .         Reflect  .   (helmet restricted)
rElec    .         Harm     .   (no cloak)
rCorr    .         Rampage  .   (no gloves)
Will     .....                  (no boots)
Stlth    +.........             (no amulet)
HPRegen  0.08/turn              (no ring)
MPRegen  0.10/turn              (no ring)

@: confused, mighty, hasted, very quick
A: unfitting armour, cold-blooded, AC +5
a: no special abilities


You were on level 4 of the Dungeon.
You visited 1 branch of the dungeon, and saw 3 of its levels.

You collected 61 gold pieces.

Inventory:

Hand Weapons
 a - a +0 dagger (weapon)
 e - a +0 whip
Missiles
 k - 19 poisoned darts
Jewellery
 m - an uncursed ring of magical power {unknown}
Scrolls
 c - 3 scrolls of magic mapping {unknown}
 f - 3 scrolls of identify {unknown}
 g - 2 scrolls of enchant weapon {unknown}
 i - a scroll of teleportation {unknown}
 l - a scroll of amnesia {unknown}
Potions
 b - a potion of heal wounds {unknown}
 d - 2 potions of might
 h - a potion of attraction {unknown}
 j - 2 potions of haste


   Skills:
 + Level 0.3 Fighting
 + Level 0.3 Maces & Flails
 + Level 1.8 Dodging
 + Level 1.8 Stealth
 + Level 2.2 Spellcasting
 + Level 1.5 Conjurations
 + Level 3.8 Fire Magic


You had 2 spell levels left.
You knew the following spells:

 Your Spells              Type           Power        Failure   Level
a - Foxfire               Conj/Fire      40%          7%          1
b - Conjure Flame         Conj/Fire      10%          21%         3

Your spell library contained the following spells:

 Spells                   Type           Power        Failure   Level
 Inner Flame              Hex/Fire       7%           28%         3
 Sticky Flame             Conj/Fire      10%          54%         4
 Fireball                 Conj/Fire      5%           88%         5


Dungeon Overview and Level Annotations

Branches:
Dungeon (2/15)

Altars:


Innate Abilities, Weirdness & Mutations

Your plain brown scales are hard. (AC +5)
You cannot fit into any form of body armour.
You are cold-blooded and may be slowed by cold attacks.


Message History

The orc wizard casts a spell at you.
You are more confused.
You bump into the rock wall.
You are too injured to fight recklessly!
You're too confused to cast spells.
It was a potion of might.
You feel very mighty all of a sudden.
The orc wizard hits you with a +0 dagger.
* * * LOW HITPOINT WARNING * * *
The orc wizard points at itself and mumbles some strange words.
The orc wizard flickers and vanishes!
Deactivating autopickup; reactivate with Ctrl-A.
You are too injured to fight recklessly!
You're too confused to cast spells.
Unknown command.
You are too confused!
Unknown command.
It was a potion of haste.
You feel yourself speed up. Something hits you.
You die...

#...{#..........
#....#......####
#########.#...{)##
#.......#.###+#...
#.......#.....###..
#.......#####.# ...
#.......#####.# ..
#.............#
#######@####### #.#
#.# #.. ###


There were no monsters in sight!

Vanquished Creatures
  3 oozes (D:1)
  A dart slug (D:1)
  2 orcs (D:4)
  A giant cockroach (D:1)
  5 goblins (D:1)
  2 hobgoblins (D:1)
  3 jackals (D:1)
  A ball python (D:1)
  4 bats (D:1)
  A frilled lizard (D:1)
23 creatures vanquished.

Vanquished Creatures (others)
  52 foxfires
52 creatures vanquished.

Grand Total: 75 creatures vanquished

Notes
Turn   | Place    | Note
-------+----------+-------------------------------------------
     0 | D:1      | leNuup the Draconian Fire Elementalist began the quest for
                  | the Orb.
     0 | D:1      | Reached XP level 1. HP: 14/14 MP: 3/3
   150 | D:1      | Reached XP level 2. HP: 20/20 MP: 0/5
   615 | D:1      | Reached XP level 3. HP: 26/26 MP: 4/6
   637 | D:1      | Learned a level 3 spell: Conjure Flame
   931 | D:2      | You fall into a shaft and drop 2 floors!
  1040 | D:4      | Slain by an orc wizard

Illustrated notes

Levels and vault maps discovered:
D:1:      dpeg_arrival_stone_temple_mockup, layout_rooms, serial_curves,
          eino_curves_01, eino_curves_03
D:2:      layout_loops_ring, serial_forest, infiniplex_forest_clump_diagonal,
          infiniplex_forest_lined_room_2, infiniplex_forest_side_room,
          infiniplex_forest_corner_1, infiniplex_forest_clump_large,
          infiniplex_forest_end_double, hangedman_feature_mirror,
          grunt_ministairs_4, hangedman_glass_teeth
D:4:      layout_basic, minmay_crossroads, uniq_ijyb

Action                   || total
-------------------------++-------
Melee: Whip              ||    25
       Tailslap          ||     2
       Dagger            ||    15
 Cast: Foxfire           ||    30
  Use: Potion            ||     2
 Stab: Sleeping          ||     1
Armor: Skin              ||    13
Dodge: Dodged            ||    27
